[Event "Team 45 45 League T49"]
[Site "Internet Chess Club"]
[Date "2011.06.29"]
[Round "8"]
[White "aww-rats"]
[Black "gaibo4ever"]
[Result "1-0"]
[WhiteElo "2106"]
[BlackElo "2114"]
[Opening "English opening"]
[ECO "A16"]
[Time "15:00:20"]
[TimeControl "2700+45"]

1. c4 Nf6 2. Nc3 g6 3. g3 Bg7 4. Bg2 O-O 5. e4 d6 6. Nge2 c5 7. O-O Nc6 8. d3 a6
9. h3 Rb8 10. a4 Bd7 11. Be3 Na5 12. Qc2 b5 13. axb5 axb5 14. Nxb5 Bxb5 15. cxb5
Rxb5 16. Nc3 Rb4 17. e5 Nd7 18. Nd5 Rb5 19. exd6 exd6 20. Qa4 Qb8 21. Nc7 Rxb2
22. Qxa5 Rb6 23. Nd5 Rb5 24. Ne7+ Kh8 25. Qa7 Bxa1 26. Qxa1+ f6 27. Bc6 Rb2 28.
Bxd7 Rb7 29. Nc6 Qc7 30. Bh6 Qxd7 31. Bxf8 Qxc6 32. Qxf6+ Kg8 33. Bxd6 Qc8 34.
Be5 Qd7 35. Ra1 Qe8 36. Qh8+ Kf7 37. Qxh7+ Ke6 38. Qxb7 Qd8 39. Ra6+ Kxe5 40.
Qe4# {Black checkmated} 1-0

[Event "Team 45 45 League T49"]
[Site "Internet Chess Club"]
[Date "2011.06.30"]
[Round "8"]
[White "Uragon-bocho"]
[Black "filiusdextris"]
[Result "1-0"]
[WhiteElo "2026"]
[BlackElo "2087"]
[Opening "Caro-Kann: advance variation"]
[ECO "B12"]
[Time "17:00:31"]
[TimeControl "2700+45"]

1. e4 c6 2. d4 d5 3. e5 c5 4. dxc5 Nc6 5. Nf3 Bg4 6. Bf4 e6 7. Bd3 Bxc5 8. O-O
Nge7 9. c3 Ng6 10. Bxg6 hxg6 11. b4 Be7 12. h3 Bf5 13. Nd4 Nxd4 14. Qxd4 g5 15.
Bg3 Qd7 16. Nd2 Bd8 17. Nb3 Bb6 18. Qd2 g4 19. hxg4 Bxg4 20. a4 a6 21. Rfe1
O-O-O 22. a5 Ba7 23. Nd4 Rh5 24. b5 Rdh8 25. f3 Bxd4+ 26. cxd4 Bf5 27. Rec1+ Kb8
28. bxa6 Rh1+ 29. Kf2 Rxc1 30. Rxc1 bxa6 31. Qb4+ Ka8 32. Qd6 Qa7 33. Ke3 Rb8
34. Bf2 g5 35. g4 Rb3+ 36. Kd2 Rb2+ 37. Kd1 Qb7 38. Qd8+ Qb8 39. Rc8 Rb1+ 40.
Ke2 Rb2+ 41. Kf1 {Black resigns} 1-0

[Event "Team 45 45 League T49"]
[Site "Internet Chess Club"]
[Date "2011.07.03"]
[Round "8"]
[White "KingDestroyer"]
[Black "Morovon23"]
[Result "0-1"]
[WhiteElo "2271"]
[BlackElo "2342"]
[Opening "English opening"]
[ECO "A05"]
[Time "23:03:11"]
[TimeControl "2700+45"]

1. Nf3 Nf6 2. c4 g6 3. Nc3 d5 4. cxd5 Nxd5 5. h4 Bg7 6. h5 Nc6 7. Qb3 Nb6 8. e3
Be6 9. Qd1 Bg4 10. hxg6 hxg6 11. Rxh8+ Bxh8 12. Be2 Qd7 13. a3 O-O-O 14. b4 Be6
15. Ng5 Bc4 16. Bb2 f5 17. Qc2 e5 18. Nd1 Bxe2 19. Kxe2 Qe7 20. Nh3 Bf6 21. b5
Na5 22. Bc3 Nac4 23. d3 Nd6 24. a4 Kb8 25. Qb3 g5 26. a5 Nd7 27. Bb4 g4 28. Ng1
Rh8 29. Nc3 Qf7 30. Qa4 e4 31. Bxd6 exd3+ 32. Kxd3 cxd6 33. Qb4 Nc5+ 34. Ke2 Rc8
35. Rd1 Bxc3 36. Qxc3 Ne4 37. Qd4 Qa2+ {White resigns} 0-1

[Event "Team 45 45 League T49"]
[Site "Internet Chess Club"]
[Date "2011.06.30"]
[Round "8"]
[White "ElCreyente"]
[Black "NFork"]
[Result "0-1"]
[WhiteElo "2167"]
[BlackElo "2298"]
[Opening "Scandinavian gambit"]
[ECO "B10"]
[Time "01:14:04"]
[TimeControl "2700+45"]

1. e4 c6 2. c4 d5 3. exd5 Nf6 4. Nc3 cxd5 5. cxd5 Nxd5 6. Nf3 Nxc3 7. bxc3 g6 8.
d4 Bg7 9. Bd3 Qc7 10. O-O O-O 11. Ba3 Re8 12. Qb3 Nc6 13. Rfe1 Na5 14. Qb4 Be6
15. Ng5 Bd5 16. Rac1 Bh6 17. Re5 Nc6 18. Qc5 e6 19. Rce1 Red8 20. Ne4 Bxe4 21.
R5xe4 Bf8 {White resigns} 0-1

[Event "Team 45 45 League T49"]
[Site "Internet Chess Club"]
[Date "2011.07.04"]
[Round "8"]
[White "TheChessKid"]
[Black "MikeA"]
[Result "0-1"]
[WhiteElo "2162"]
[BlackElo "2207"]
[Opening "Sicilian defense"]
[ECO "B30"]
[Time "21:00:12"]
[TimeControl "2700+45"]

1. e4 c5 2. Nf3 Nc6 3. c3 d6 4. d4 Nf6 5. d5 Ne5 6. Nxe5 dxe5 7. Bb5+ Bd7 8. Qa4
e6 9. dxe6 fxe6 10. Bg5 a6 11. Bxd7+ Qxd7 12. Qxd7+ Kxd7 13. Nd2 Bd6 14. Rd1 Kc6
15. Bxf6 gxf6 16. O-O Rad8 17. Nc4 Bc7 18. Ne3 b5 19. Rxd8 Rxd8 20. Rd1 Rf8 21.
g4 c4 22. Kg2 Bb6 23. Kf3 h6 24. Ke2 Ra8 25. h4 Rg8 26. Rg1 a5 27. a4 Kc5 28.
axb5 Kxb5 29. f3 Bc5 30. Rd1 Rb8 31. Rd7 Bxe3 32. Kxe3 Ka4 33. Rc7 Kb3 34. f4
exf4+ 35. Kxf4 a4 36. Ra7 Kxb2 37. Rxa4 Kxc3 38. Ra6 Rc8 39. Rxe6 Kd2 40. Rxf6
c3 41. Ke5 Rc5+ 42. Kd6 Rc4 43. Kd5 c2 44. Rf1 c1=Q 45. Rxc1 Rxc1 46. g5 Ke3 47.
e5 hxg5 48. hxg5 Kf4 49. e6 Kxg5 50. e7 Re1 {White resigns} 0-1

[Event "Team 45 45 League T49"]
[Site "Internet Chess Club"]
[Date "2011.07.01"]
[Round "8"]
[White "Kueh"]
[Black "demo05"]
[Result "1/2-1/2"]
[WhiteElo "2001"]
[BlackElo "2043"]
[Opening "Pirc defense"]
[ECO "B07"]
[Time "15:00:08"]
[TimeControl "2700+45"]

1. e4 d6 2. d4 Nf6 3. Nc3 g6 4. Be3 c6 5. a4 Nbd7 6. Bc4 Bg7 7. f4 d5 8. Bd3
dxe4 9. Bxe4 Nxe4 10. Nxe4 O-O 11. Nf3 Qa5+ 12. Qd2 Qxd2+ 13. Nfxd2 Nb6 14. Nc3
Bf5 15. O-O-O Rfd8 16. Nb3 Nc4 17. Bf2 Rd6 18. Rhe1 Kf8 19. Ne4 Bxe4 20. Rxe4 b6
21. Rde1 e6 22. c3 Rd5 23. R4e2 h5 24. Nd2 b5 25. axb5 cxb5 26. b3 Nd6 27. Ne4
Nxe4 28. Rxe4 Rc8 29. Kd2 Rd7 {Game drawn by mutual agreement} 1/2-1/2

[Event "Team 45 45 League T49"]
[Site "Internet Chess Club"]
[Date "2011.07.05"]
[Round "8"]
[White "Zyme"]
[Black "badmove"]
[Result "1/2-1/2"]
[WhiteElo "1384"]
[BlackElo "1763"]
[Opening "Nimzo-Indian defense"]
[ECO "E20"]
[Time "07:00:21"]
[TimeControl "2700+45"]

1. d4 Nf6 2. c4 e6 3. Nc3 Bb4 4. Bd2 d5 5. e3 O-O 6. a3 Be7 7. Nf3 b6 8. cxd5
exd5 9. Be2 Ne4 10. Nxe4 dxe4 11. Ne5 Bb7 12. O-O Nd7 13. Nc4 f5 14. Rc1 Bd5 15.
Qc2 c5 16. dxc5 Bxc5 17. Rfd1 Be6 18. Be1 Qc7 19. b4 Be7 20. Nb2 Qxc2 21. Rxc2
Bb3 22. Bc4+ Bxc4 23. Rxd7 Bb3 24. Rcc7 Bf6 25. Bc3 Bxc3 26. Rxc3 Rac8 27. Rcc7
Rxc7 28. Rxc7 Rd8 29. g3 Rd2 30. Nc4 Bxc4 31. Rxc4 Rd3 32. a4 Rd7 33. Rd4 Rxd4
34. exd4 Kf7 35. Kf1 Ke6 36. Ke2 Kd5 37. Ke3 a6 38. h3 Kc4 39. g4 g6 40. gxf5
gxf5 41. Kf4 Kxd4 42. Kxf5 {Game drawn by mutual agreement} 1/2-1/2

[Event "Team 45 45 League T49"]
[Site "Internet Chess Club"]
[Date "2011.07.03"]
[Round "8"]
[White "drsigmund1"]
[Black "Esslinger"]
[Result "0-1"]
[WhiteElo "1451"]
[BlackElo "1444"]
[Opening "Scandinavian (center counter) defense"]
[ECO "B01"]
[Time "14:07:12"]
[TimeControl "2700+45"]

1. e4 d5 2. exd5 Qxd5 3. Nc3 Qd8 4. d4 Nf6 5. Bc4 Bg4 6. Nge2 e6 7. h3 Bh5 8.
O-O Be7 9. Bf4 c6 10. Qd2 Nbd7 11. Ng3 Bg6 12. Bd3 Bxd3 13. Qxd3 O-O 14. Nce4
Nxe4 15. Nxe4 Nf6 16. Rad1 Nd5 17. Bc1 Nf6 18. Ng5 Qa5 19. a3 Rad8 20. Qb3 Qb6
21. Qxb6 axb6 22. Nf3 c5 23. dxc5 bxc5 24. c4 Ne4 25. Rfe1 Rxd1 26. Rxd1 Rd8 27.
Rxd8+ Bxd8 28. b4 Nd6 29. bxc5 Nxc4 30. a4 Be7 31. Ne1 Bxc5 32. Nd3 Bd4 33. Kf1
Kf8 34. Ke2 Ke7 35. Kd1 Kd6 36. Kc2 Kc6 37. Kb3 Na5+ 38. Kb4 b6 39. Bb2 Bxb2 40.
Nxb2 Nb7 41. Nd3 f6 42. Nf4 Nd8 43. Nh5 e5 44. Nxg7 Nf7 45. Ne8 f5 46. Nf6 h6
47. g4 f4 48. h4 Nd6 49. f3 e4 50. fxe4 f3 51. e5 f2 52. exd6 f1=Q 53. d7 Qxf6
54. g5 hxg5 55. h5 {White resigns} 0-1

[Event "Team 45 45 League T49"]
[Site "Internet Chess Club"]
[Date "2011.07.05"]
[Round "8"]
[White "AlPearson"]
[Black "dabodhi"]
[Result "1-0"]
[WhiteElo "1410"]
[BlackElo "1184"]
[Opening "English opening"]
[ECO "A10"]
[Time "19:34:48"]
[TimeControl "2700+45"]

1. c4 b6 2. d4 d5 3. g3 Nf6 4. Bg2 Bf5 5. cxd5 Nxd5 6. e4 Be6 7. exd5 Bxd5 8.
Bxd5 Qxd5 9. Qf3 Qe6+ 10. Be3 c6 11. Nc3 Na6 12. d5 Qg6 13. dxc6 Nb4 14. c7 Rc8
15. Kf1 Rxc7 16. Qa8+ Kd7 17. Rd1+ Ke6 18. Qe4+ Qxe4 19. Nxe4 h6 20. Ne2 f6 21.
N4c3 Kf7 22. Kg2 e6 23. Rd2 Be7 24. Rhd1 Nc6 25. Nb5 Rcc8 26. Nd6+ Bxd6 27. Rxd6
Rhe8 28. Nc3 Ne5 29. Nb5 Rc2 30. R6d2 Rxd2 31. Rxd2 Rf8 32. Nd6+ Kg6 33. b3 h5
34. Bd4 Ng4 35. h3 Nh6 36. f4 Rd8 37. Nb5 Rc8 38. Nxa7 Rc1 39. Bxb6 Nf5 40. Nb5
e5 41. fxe5 fxe5 42. Nd6 Nh6 43. Ne4 Re1 44. Nc5 Nf5 45. Na6 e4 46. Nb4 e3 47.
Bxe3 Rxe3 48. Rd3 Re2+ 49. Kf3 Rh2 50. h4 Rh3 51. Kf4 Nxg3 52. Rxg3+ Rxg3 53.
Kxg3 Kf6 54. Kf4 g6 55. Nd3 Kg7 56. Kg5 Kf7 57. Nf4 Kg7 58. Nxg6 Kh7 59. Kxh5
Kg7 60. Kg5 Kh7 61. h5 Kg7 62. h6+ Kh7 63. a4 Kg8 64. a5 {Black resigns} 1-0

[Event "Team 45 45 League T49"]
[Site "Internet Chess Club"]
[Date "2011.07.02"]
[Round "8"]
[White "sockmonkey"]
[Black "AtomicDog"]
[Result "0-1"]
[WhiteElo "1097"]
[BlackElo "1520"]
[Opening "Queen's pawn: Torre attack"]
[ECO "A46"]
[Time "09:04:31"]
[TimeControl "2700+45"]

1. d4 Nf6 2. Nf3 e6 3. Bg5 h6 4. Bh4 Be7 5. e3 b6 6. Nbd2 Bb7 7. Bd3 d6 8. e4
Nh5 9. Bxe7 Qxe7 10. O-O Nd7 11. Qe2 Nf4 12. Qe3 g5 13. Bb5 c6 14. Bc4 O-O-O 15.
g3 Ng6 16. Qa3 Kb8 17. Rfe1 g4 18. Nh4 Nxh4 19. gxh4 b5 20. Bd3 Qf8 21. e5 Nb6
22. Re4 Rg8 23. Be2 h5 24. Kf1 d5 25. Qxf8 Rdxf8 26. Rf4 Rg6 27. Bd3 Rgg8 28.
Ke2 Nd7 29. Rg1 f6 30. Ke3 fxe5 31. Rxf8+ Rxf8 32. dxe5 Nxe5 33. Nb3 Rf3+ 34.
Kd4 Nxd3 35. cxd3 Rxf2 36. Re1 Rxh2 37. Rxe6 Rxh4 38. Re8+ Kc7 39. Re7+ Kb6 40.
Nc5 g3+ 41. Kc3 Kxc5 42. Rxb7 g2 43. Rg7 Rg4 {White resigns} 0-1

[Event "Team 45 45 League T49"]
[Site "Internet Chess Club"]
[Date "2011.07.05"]
[Round "8"]
[White "Xanther"]
[Black "achessfool"]
[Result "1-0"]
[WhiteElo "1465"]
[BlackElo "1498"]
[Opening "French: advance, Euwe variation"]
[ECO "C02"]
[Time "20:08:03"]
[TimeControl "2700+45"]

1. e4 e6 2. d4 d5 3. e5 c5 4. c3 Nc6 5. Nf3 Bd7 6. Be3 Qb6 7. Qc2 f6 8. Nbd2
fxe5 9. dxe5 O-O-O 10. Bd3 g6 11. Nb3 Qc7 12. Nxc5 Nxe5 13. Nxe5 Qxe5 14. O-O
Bxc5 15. Bxc5 Qg5 16. Bxa7 Qe7 17. c4 dxc4 18. Bxc4 Bc6 19. Qb3 Rd6 20. Bc5 Qg5
21. Bxe6+ Kb8 22. Bxd6+ Ka7 23. Qe3+ b6 24. Qxg5 {Black resigns} 1-0

[Event "Team 45 45 League T49"]
[Site "Internet Chess Club"]
[Date "2011.07.02"]
[Round "8"]
[White "oldprez"]
[Black "BishopMike"]
[Result "0-1"]
[WhiteElo "1331"]
[BlackElo "1427"]
[Opening "Sicilian defense"]
[ECO "B32"]
[Time "10:30:12"]
[TimeControl "2700+45"]

1. e4 c5 2. Nf3 Nc6 3. d4 cxd4 4. Nxd4 d6 5. c4 Nf6 6. Nc3 g6 7. Be2 Nxd4 8.
Qxd4 Bg7 9. Qd3 O-O 10. O-O Be6 11. Be3 Nd7 12. Qd2 Rc8 13. b3 b5 14. Bh6 Bxh6
15. Qxh6 bxc4 16. b4 Rb8 17. a3 a5 18. Nd5 axb4 19. Bxc4 b3 20. f4 Bxd5 21. Bxd5
Qb6+ 22. Kh1 e6 23. Bc4 b2 24. Rab1 Rfc8 25. Ba2 Qe3 26. h3 Rc1 27. a4 Qa3 28.
f5 Rxf1+ 29. Rxf1 Qxa2 30. f6 Nxf6 31. Rxf6 b1=Q+ 32. Kh2 Rb2 33. Qg5 Qxe4
{White resigns} 0-1

[Event "Team 45 45 League T49"]
[Site "Internet Chess Club"]
[Date "2011.06.30"]
[Round "8"]
[White "TheronUAL"]
[Black "doublepar"]
[Result "1/2-1/2"]
[WhiteElo "1538"]
[BlackElo "1448"]
[Opening "Four knights: Scotch, 4...exd4"]
[ECO "C47"]
[Time "16:00:11"]
[TimeControl "2700+45"]

1. e4 e5 2. Nc3 Nf6 3. Nf3 Nc6 4. d4 exd4 5. Nxd4 Bb4 6. Nxc6 bxc6 7. Bd3 d5 8.
exd5 cxd5 9. O-O O-O 10. Bg5 c6 11. Qf3 Be7 12. h3 Re8 13. a3 a5 14. Ne2 c5 15.
Ng3 Ne4 16. Nxe4 Bxg5 17. Nxg5 Qxg5 18. Bb5 Re7 19. Rfe1 Bb7 20. Rxe7 Qxe7 21.
Qc3 d4 22. Qd2 Qe4 23. f3 Qe3+ 24. Qxe3 dxe3 25. a4 Ba6 26. c4 f5 27. f4 Bxb5
28. cxb5 Kf7 29. Kf1 Kf6 30. Ke2 Re8 31. Ra3 Re4 32. b6 Rb4 33. Kxe3 Rxb6 34.
Rc3 Rxb2 35. Rxc5 Rxg2 36. Rxa5 Rg3+ 37. Kd4 Rxh3 38. Ra6+ Kf7 39. Ke5 Re3+ 40.
Kxf5 g6+ 41. Kg4 h5+ 42. Kh4 Re4 43. Kg5 h4 44. Kxh4 Rxf4+ 45. Kg3 Rc4 46. a5
Ra4 47. Ra7+ Kf6 48. Ra8 Kg5 49. Kf3 Kh4 50. a6 Kg5 51. a7 Ra3+ 52. Ke4 Ra4+ 53.
Kd3 Ra3+ 54. Kc4 Ra1 55. Kb5 Rb1+ 56. Kc6 Ra1 57. Kb6 Rb1+ 58. Ka5 Ra1+ 59. Kb4
Rb1+ 60. Ka3 Ra1+ 61. Kb2 Ra6 {Game drawn by mutual agreement} 1/2-1/2